 Dungeon Crawl Stone Soup version 0.20-a0-920-gb18bc0f (webtiles) character file.

30 dvd the Insei (level 3, -2/28 HPs)
             Began as a Draconian Transmuter on Mar 25, 2017.
             Slain by a gnoll
             ... wielding a +0 halberd
              (11 damage)
             ... on level 3 of the Dungeon.
             The game lasted 00:03:21 (1381 turns).

dvd the Insei (Draconian Transmuter)                Turns: 1381, Time: 00:03:23

Health: -2/28      AC:  5    Str: 12    XL:     3   Next: 3%
Magic:  4/6        EV: 12    Int: 13    God:
Gold:   60         SH:  0    Dex: 12    Spells: 3/6 levels left

rFire    . . .     SeeInvis .     - Unarmed
rCold    . . .     Gourm    .   (no shield)
rNeg     . . .     Faith    .   (armour unavailable)
rPois    .         Spirit   .   (helmet restricted)
rElec    .         Reflect  .   (no cloak)
rCorr    .         Harm     .   (no gloves)
MR       .....                  (boots currently unavailable)
Stlth    +.........             (no amulet)
Regen    0.1/turn               (no ring)
MPRegen  0.1/turn               (no ring)

@: appendage (expiring)
A: unfitting armour, talons 3, cold-blooded, AC +5
a: End Transformation


You were on level 3 of the Dungeon.
You were very hungry.
You had grown temporary talons.
You visited 1 branch of the dungeon, and saw 3 of its levels.

You collected 60 gold pieces.

Inventory:

Missiles
 a - 42 arrows
Scrolls
 d - 2 scrolls of identify {unknown}
 g - a scroll of recharging {unknown}
 l - a scroll of random uselessness {unknown}
Potions
 e - a potion of haste {unknown}
 f - 2 potions of degeneration {unknown}
 h - 2 potions of curing {unknown}
 i - 2 potions of lignification {unknown}
Books
 b - a book of Changes

   Spells                             Type                      Level
   a - Beastly Appendage              Transmutation                1
   b - Sticks to Snakes               Transmutation                2
   c - Spider Form                    Transmutation/Poison         3
   d - Ice Form                       Ice/Transmutation            4
   e - Blade Hands                    Transmutation                5
Comestibles
 c - 2 bread rations
 k - 2 fruits


   Skills:
 + Level 1.2 Fighting
 + Level 2.0 Dodging
 + Level 3.6 Unarmed Combat
 + Level 2.2 Spellcasting
 + Level 2.3 Transmutations


You had 3 spell levels left.
You knew the following spells:

 Your Spells              Type           Power        Failure   Level  Hunger
a - Beastly Appendage     Tmut           #.....       12%         1    ##.....
b - Sticks to Snakes      Tmut           #.......     17%         2    ###....


Dungeon Overview and Level Annotations

Branches:
Dungeon (3/15)

Altars:

Annotations:
D:2 Sigmund


Innate Abilities, Weirdness & Mutations

Your plain brown scales are hard. (AC +5)
You cannot fit into any form of body armour.
You are cold-blooded and may be slowed by cold attacks.
You have claws for feet.


Message History

The gnoll closely misses your ball python.
Your ball python bites the gnoll.
Your ball python constricts the gnoll.
The gnoll hits your ball python with a halberd!
Your ball python dies!
The gnoll shouts!
Your transformation is almost over.
You hear a shout! x2
A gnoll comes into view. It is wielding a club.
You see here 10 gold pieces.
The gnoll closely misses you.
You closely miss the gnoll. Your kick misses the gnoll.
The gnoll is heavily wounded.
You hit the gnoll. Your kick misses the gnoll.
The gnoll is severely wounded.
The gnoll hits you with a halberd! The gnoll closely misses you.
You barely miss the gnoll. Your kick misses the gnoll.
The gnoll is severely wounded.
The gnoll misses you. The gnoll hits you with a club.
The gnoll hits you from afar with a halberd!
You die...

#### # #..#
#.##########..#
#g..g.........#######
#gg...............
#.#...$#.########[
#@#.#..#....# #.
#.#.#.....#.# #.
#.#.#.#.###.# #.
#.#.#.....#.# #.
#.#.###.#.#.# #.
#.#.....#.#.# #<
#.#######.#.# #.
#.........#.#####.
###########....$..


You could see 3 gnolls.

Vanquished Creatures
  2 leopard geckos (D:1)
  3 giant cockroaches (D:2)
  2 hobgoblins
  5 kobolds
  3 frilled lizards (D:1)
  4 goblins
  3 rats
22 creatures vanquished.

Vanquished Creatures (collateral kills)
  A worm (D:2)
  A kobold (D:1)
  A frilled lizard (D:1)
3 creatures vanquished.

Grand Total: 25 creatures vanquished

Notes
Turn   | Place    | Note
-------+----------+-------------------------------------------
     0 | D:1      | dvd the Draconian Transmuter began the quest for the Orb.
     0 | D:1      | Reached XP level 1. HP: 16/16 MP: 3/3
   237 | D:1      | Reached XP level 2. HP: 22/23 MP: 0/5
   243 | D:1      | Learned a level 2 spell: Sticks to Snakes
  1071 | D:2      | Reached XP level 3. HP: 25/28 MP: 2/6
  1076 | D:2      | Noticed Sigmund
  1381 | D:3      | Slain by a gnoll

Vault maps used:
D:1:      dpeg_arrival_rhombi, hangedman_decor_growths
D:2:      grunt_ministairs_2, bh_walls_and_bars, uniq_sigmund, uniq_robin

Skill      XL: |  1  2 |
---------------+-------+-----
Dodging        | 2 |  2.0
Fighting       | |  1.2
Unarmed Combat | |  3.6
Spellcasting   | |  2.2
Transmutations | |  2.3

Action                   || total
-------------------------++-------
Melee: Unarmed           ||    73
       Tailslap          ||     7
       Kick              ||     3
       Headbutt          ||     3
       Punch             ||     1
 Cast: Beastly Appendage ||    13
       Sticks to Snakes  ||     5
  Eat: Chunk             ||     1
Armor: Skin              ||    13
Dodge: Dodged            ||    39
